 Dungeon Crawl Stone Soup version 0.29.1-15-g9cfb28693d (webtiles) character file.

Game seed: 6686816101802746445

54 promet the Shield-Bearer (level 3, 0/33 HPs)
             Began as a Minotaur Fighter on Feb 23, 2023.
             Succumbed to a gnoll's poison
             ... on level 2 of the Dungeon.
             The game lasted 00:03:57 (726 turns).

promet the Shield-Bearer (Minotaur Fighter)          Turns: 726, Time: 00:03:57

Health: 0/33       AC:  7    Str: 20    XL:     3   Next: 66%
Magic:  2/2        EV:  6    Int:  7    God:
Gold:   65         SH: 12    Dex:  9    Spells: 2/2 levels left

rFire   . . .      SeeInvis .   a - +0 war axe
rCold   . . .      Faith    .   c - +0 tower shield
rNeg    . . .      Spirit   .   i - +0 scale mail
rPois   .          Reflect  .   (helmet restricted)
rElec   .          Harm     .   (no cloak)
rCorr   .          Rampage  .   (no gloves)
Will    .....                   (no boots)
Stlth   ..........              (no amulet)
HPRegen 0.11/turn               (no ring)
MPRegen 0.08/turn               (no ring)

@: lethally poisoned (0 -> -21), weak-willed
A: horns 2, retaliatory headbutt
a: no special abilities


You were on level 2 of the Dungeon.
You visited 1 branch of the dungeon, and saw 2 of its levels.

You collected 65 gold pieces.

Inventory:

Hand Weapons
 a - a +0 war axe (weapon)
 b - a +0 sling
Armour
 c - a +0 tower shield (worn)
 i - a +0 scale mail (worn)
Jewellery
 j - a ring of protection from cold
Scrolls
 e - a scroll of teleportation {unknown}
 h - 3 scrolls of blinking {unknown}
 k - a scroll of identify {unknown}
Potions
 d - a potion of might


   Skills:
 + Level 4.1 Fighting
 + Level 2.7 Axes
 + Level 4.2 Armour
 + Level 0.7 Dodging
 + Level 4.4 Shields


You had 2 spell levels left.
You didn't know any spells.
Your spell library was empty.

Dungeon Overview and Level Annotations

Branches:
Dungeon (1/15)

Altars:


Innate Abilities, Weirdness & Mutations

You have a pair of horns on your head.
You reflexively headbutt those who attack you in melee.


Message History

The worm is severely wounded.
You block the worm's attack.
You hit the worm but do no damage.
The worm is heavily wounded.
The worm barely misses you. You furiously retaliate!
You headbutt the worm! You hit the worm.
You kill the worm!
There is an open door, spattered with blood here.
Things that are here:
a +0 dagger; a worm corpse; a hobgoblin corpse You open the door.
There is an open door here.
You open the door.
There is an open door here.
You now have 65 gold pieces (gained 10).
k - a scroll labelled TAIN EGIDDO 3 gnolls come into view.
A gnoll is wielding a +0 halberd of venom.
Found a book of Beasts.
The gnoll shouts! x2
The gnoll hits you with a +0 halberd of venom.
You are poisoned.
You hit the gnoll.
The gnoll is heavily wounded.
You feel very sick.
The gnoll hits you with a +0 halberd of venom!
You are lethally poisoned!
You slash the gnoll! You headbutt the gnoll.
You kill the gnoll!
You feel extremely sick. You block the gnoll's attack.
It was a potion of magic.
Magic courses through your body.
* * * LOW HITPOINT WARNING * * *
You feel very sick.
The gnoll hits you from afar with a +0 halberd of venom.
* * * LOW HITPOINT WARNING * * *
You are more poisoned.
As you read the scroll labelled SESAFR VUTU, it crumbles to dust.
Magic quickly surges around you.
It was a scroll of vulnerability.
You die...

#.#
########+
#.# #.#
#.# #.#
#.# #.#
#.#######
#..@)gg.#
#######.#
.# .# g#
g: ##


You could see 2 gnolls.

Vanquished Creatures
  A gnoll (D:2)
  3 adders (D:2)
  A worm (D:2)
  2 bats (D:2)
  2 endoplasms (D:2)
  4 goblins
  2 hobgoblins (D:2)
  A ball python (D:2)
  2 rats (D:2)
18 creatures vanquished.

Notes
Turn   | Place    | Note
-------+----------+-------------------------------------------
     0 | D:1      | promet the Minotaur Fighter began the quest for the Orb.
     0 | D:1      | Reached XP level 1. HP: 19/19 MP: 0/0
    73 | D:1      | You fall into a shaft and drop 1 floor!
   135 | D:2      | Reached XP level 2. HP: 27/27 MP: 1/1
   484 | D:2      | Reached XP level 3. HP: 33/33 MP: 2/2
   726 | D:2      | Succumbed to a gnoll's poison

Illustrated notes

Levels and vault maps discovered:
D:1:      sevenhm_arrival_forest_fort_small_5, layout_rooms, minivault_25
D:2:      layout_basic

Skill      XL: |  1  2 |
---------------+-------+-----
Fighting       | 4 |  4.1
Armour         | 4 |  4.2
Shields        | 4 |  4.4
Axes           | |  2.7
Dodging        | |  0.7

Action                   || total
-------------------------++-------
Melee: War axe           ||    54
       Headbutt          ||     5
  Use: Potion            ||     2
       Scroll            ||     1
Armor: Scale mail        ||    22
Dodge: Dodged            ||    16
Block: Tower shield      ||    40
       Buckler           ||     1
